 Dungeon Sprint DCSS version 0.29-a0-392-g297d3b089c (webtiles) character file.

Game seed: 1432146062714736801

9219 mhtbhm the Bludgeoner (level 11, -8/120 HPs)
             Began as a Gargoyle Fighter on May 8, 2022.
             Was the Champion of Okawaru.
             Mangled by an ettin
             ... wielding a +0 dire flail
              (32 damage)
             ... in the Dungeon (Sprint IX: "|||||||||||||||||||||||||||||").
             The game lasted 00:03:37 (2242 turns).

mhtbhm the Bludgeoner (Gargoyle Fighter)            Turns: 2242, Time: 00:03:37

Health: -8/120     AC: 30    Str: 26    XL:     11   Next: 43%
Magic:  17/18      EV: 13    Int: 13    God:    Okawaru [******]
Gold:   12         SH:  7    Dex:  9    Spells: 10/10 levels left

rFire   . . .      SeeInvis .   a - +2 morningstar (protect)
rCold   . . .      Faith    .   c - +0 buckler
rNeg    + . .      Spirit   .   b - +1 scale mail
rPois   ∞          Reflect  .   (no helmet)
rElec   +          Harm     .   m - +0 cloak
rCorr   .          Rampage  .   y - +0 pair of gloves
Will    .....      NoTele   +   (no boots)
Stlth   ..........              (no amulet)
HPRegen 0.30/turn               n - +3 ring of strength
MPRegen 0.16/turn               o - +3 ring of intelligence

@: berserking, heroic, under a protective aura, very quick
A: sickness immunity, AC +8, negative energy resistance 1, electricity
resistance, torment resistance 1, petrification resistance
a: Renounce Religion, Heroism, Finesse


You were in the Dungeon.
You worshipped Okawaru.
Okawaru was exalted by your worship.
You visited 1 branch You collected 12 gold pieces.

Inventory:

Hand Weapons
 a - a +2 morningstar of protection (weapon)
Missiles
 i - 7 poisoned darts
 x - 4 javelins (quivered)
Armour
 b - a +1 scale mail (worn)
 c - a +0 buckler (worn)
 m - a +0 cloak (worn)
 y - a +0 pair of gloves (worn)
Jewellery
 n - a +3 ring of strength (left hand)
 o - a +3 ring of intelligence (right hand)
Wands
 l - a wand of iceblast (10)
Scrolls
 j - 2 scrolls of blinking
 k - 3 scrolls of amnesia
 r - a scroll of fear
 s - 2 scrolls of enchant armour
 u - 2 scrolls of enchant weapon
 v - a scroll of identify
Potions
 e - 4 potions of curing
 g - 2 potions of haste
 h - 4 potions of magic
 p - 2 potions of brilliance
 q - a potion of mutation
 t - a potion of attraction


   Skills:
 + Level 14.7(19.7) Fighting
 + Level 17.1(22.1) Maces & Flails
 + Level 1.5(6.5) Throwing
 + Level 11.6(16.6) Armour
 + Level 4.3(9.3) Dodging
 - Level 4.8(9.8) Stealth
 + Level 10.2(15.2) Shields
 * Level 10.1 Invocations


You had 10 spell levels left.
You didn't know any spells.
Your spell library contained the following spells:

 Spells                   Type           Power      Damage    Failure   Level
 Ozocubu's Armour         Ice            0%         N/A       88%         3
 Ozocubu's Refrigeration  Ice            0%         4d5       100%        7


Dungeon Overview and Level Annotations

Branches:
Dungeon (1/1)

Altars:
Cheibriados
Dithmenos
Elyvilon
Fedhas
Gozag
Hepliaklqana
Kikubaaqudgha
Makhleb
Nemelex Xobeh
Okawaru
Qazlal
Ru
Sif Muna
Trog
Uskayaw
Vehumet
Wu Jian
Xom
Yredelemnul
Zin
The Shining One
Beogh
Jiyva
Lugonu


Innate Abilities, Weirdness & Mutations

You are immune to sickness and miasma.
Your stone body is resilient. (AC +8)
You are immune to poison.
You resist negative energy. (rN+)
You are resistant to electric shocks. (rElec)
You are resistant to unholy torment.
You are immune to petrification.


Message History

Okawaru accepts your kill.
The orc priest looks satisfied for a moment.
You hit the ettin but do no damage. You block the ettin's attack.
The ettin hits you with a +0 dire flail!
You hit the ettin.
The ettin is lightly wounded.
You hit the ettin but do no damage.
The ettin is lightly wounded.
The orc priest invokes the aid of Beogh against you.
Beogh smites you!
The ettin hits you with a +0 dire flail! x2
You puncture the ettin!
The ettin is lightly wounded.
The ettin hits you with a +0 dire flail!
The ettin completely misses you.
You hit the ettin but do no damage.
The ettin is lightly wounded.
Unknown command.
You feel much better.
The orc priest mumbles some strange prayers to Beogh against you.
Beogh smites you! The ettin hits you but does no damage.
You block the ettin's attack.
The orc wizard gestures wildly while chanting.
The orc wizard flickers and vanishes!
An orc wizard comes into view. It is wielding a +0 dagger.
A red film seems to cover your vision as you go berserk!
You feel yourself moving faster!
You feel mighty!
The ettin hits you with a +0 dire flail!
You block the ettin's attack.
You bludgeon the ettin!!
The ettin is heavily wounded.
The ettin misses you.
The ettin hits you with a +0 dire flail!!
* * * LOW HITPOINT WARNING * * *
You bludgeon the ettin!!
The ettin is almost dead.
You hit the ettin.
The ettin is almost dead.
The ettin hits you with a +0 dire flail!!
You die...

▓.▓'▓.▓_▓
▓o▓.▓.▓.▓_▓
▓o▓.▓.▓.▓_▓
▓o▓.▓.▓.▓_▓
▓o▓.▓.▓.▓_▓
▓{▓.▓.▓.▓'▓
▓{▓.▓.▓.▓.▓
▓C▓.▓.▓.▓.▓
▓@▓.▓[▓.▓.▓
▓.▓.▓.▓.▓.▓
▓.▓.▓.▓.▓.▓
▓.▓.▓.▓.▓)▓
▓.▓.▓.▓.▓.▓
▓.▓.▓†▓.▓.▓
▓.▓.▓'▓.▓.▓
▓.▓.▓.▓.▓.▓
▓.▓.▓.▓.▓.▓


You could see an ettin, an orc priest, an orc wizard and 2 orcs.

Vanquished Creatures
  A catoblepas (D)
  A two-headed ogre (D)
  2 centaur warriors (D)
  4 death yaks (D)
  A black mamba (D)
  3 cane toads (D)
  A gargoyle (D)
  2 komodo dragons (D)
  2 dream sheep (D)
  7 yaks (D)
  A wyvern (D)
  2 basilisks (D)
  A vampire mosquito (D)
  2 water moccasins (D)
  2 orc warriors (D)
  An ogre (D)
  A kobold brigand (D)
  4 bullfrogs (D)
  A scorpion (D)
  A gnoll shaman (D)
  2 orcs (D)
  A hobgoblin (D)
  3 quokkas (D)
  A frilled lizard (D)
  A rat (D)
48 creatures vanquished.

Vanquished Creatures (others)
  A killer bee (D)
  An orc wizard (D)
2 creatures vanquished.

Grand Total: 50 creatures vanquished

Notes
Turn   | Place    | Note
-------+----------+-------------------------------------------
     0 | D        | mhtbhm the Gargoyle Fighter began the quest for the Orb.
     0 | D        | Reached XP level 1. HP: 14/14 MP: 1/1
    24 | D        | Noticed a scorpion
    24 | D        | Noticed a gnoll shaman
    24 | D        | Noticed an ogre
    28 | D        | Killed an ogre
    29 | D        | Reached skill level 4 in Maces & Flails
    29 | D        | Reached skill level 5 in Armour
    29 | D        | Reached skill level 5 in Shields
    29 | D        | Reached XP level 2. HP: 13/22 MP: 2/2
    29 | D        | Reached XP level 3. HP: 16/27 MP: 3/3
    29 | D        | Reached XP level 4. HP: 19/32 MP: 4/4
    34 | D        | Reached XP level 5. HP: 15/37 MP: 5/5
    37 | D        | Reached skill level 5 in Maces & Flails
    53 | D        | Found a snail-covered altar of Cheibriados.
    53 | D        | Found a shadowy altar of Dithmenos.
    53 | D        | Found a white marble altar of Elyvilon.
    53 | D        | Found a blossoming altar of Fedhas.
    53 | D        | Found an opulent altar of Gozag.
    54 | D        | Found a hazy altar of Hepliaklqana.
    55 | D        | Found a viscous altar of Jiyva.
    56 | D        | Found an ancient bone altar of Kikubaaqudgha.
    57 | D        | Found a corrupted altar of Lugonu.
    58 | D        | Found a burning altar of Makhleb.
    59 | D        | Found a sparkling altar of Nemelex Xobeh.
    60 | D        | Found an iron altar of Okawaru.
    61 | D        | Found a stormy altar of Qazlal.
    62 | D        | Found a sacrificial altar of Ru.
    63 | D        | Found a shimmering blue altar of Sif Muna.
    64 | D        | Found a bloodstained altar of Trog.
    65 | D        | Found a hide-covered altar of Uskayaw.
    66 | D        | Found a radiant altar of Vehumet.
    67 | D        | Found an ornate altar of the Wu Jian Council.
    68 | D        | Became a worshipper of Warmaster Okawaru
    69 | D        | Found a shimmering altar of Xom.
    70 | D        | Found a basalt altar of Yredelemnul.
    71 | D        | Found a glowing silver altar of Zin.
    72 | D        | Found a glowing golden altar of the Shining One.
   287 | D        | Noticed an orc warrior
   287 | D        | Noticed a kobold brigand
   287 | D        | Noticed a yak
   287 | D        | Noticed a wyvern
   295 | D        | Killed a wyvern
   296 | D        | Reached skill level 7 in Maces & Flails
   296 | D        | Reached XP level 6. HP: 42/45 MP: 6/6
   300 | D        | Killed a yak
   300 | D        | Reached * piety under Okawaru
   301 | D        | Reached skill level 8 in Maces & Flails
   301 | D        | Reached skill level 1 in Stealth
   304 | D        | Reached XP level 7. HP: 45/50 MP: 7/7
   322 | D        | Reached skill level 9 in Maces & Flails
   572 | D        | Noticed a vampire mosquito
   572 | D        | Noticed a catoblepas
   572 | D        | Noticed a two-headed ogre
   572 | D        | Noticed a gargoyle
   572 | D        | Noticed a centaur warrior
   572 | D        | Noticed a centaur warrior
   579 | D        | Killed a centaur warrior
   579 | D        | Reached ** piety under Okawaru
   579 | D        | Reached *** piety under Okawaru
   580 | D        | Reached skill level 10 in Fighting
   580 | D        | Reached skill level 11 in Maces & Flails
   580 | D        | Reached skill level 1 in Dodging
   580 | D        | Reached XP level 8. HP: 53/57 MP: 8/8
   587 | D        | Killed a centaur warrior
   588 | D        | Reached skill level 12 in Maces & Flails
   588 | D        | Reached XP level 9. HP: 46/63 MP: 9/9
   590 | D        | Killed a gargoyle
   590 | D        | Reached **** piety under Okawaru
   591 | D        | Reached skill level 13 in Maces & Flails
   594 | D        | Killed a two-headed ogre
   594 | D        | Reached ***** piety under Okawaru
   602 | D        | Killed a catoblepas
   603 | D        | Reached skill level 14 in Maces & Flails
   603 | D        | Reached skill level 5 in Invocations
   734 | D        | Noticed a black mamba
   734 | D        | Noticed a cane toad
   734 | D        | Noticed a cane toad
   743 | D        | Killed a cane toad
   744 | D        | Reached skill level 10 in Armour
   744 | D        | Reached XP level 10. HP: 54/71 MP: 14/14
   758 | D        | Killed a cane toad
   758 | D        | Received a gift from Okawaru
   759 | D        | Reached skill level 15 in Maces & Flails
   775 | D        | Killed a black mamba
  1332 | D        | Noticed a cane toad
  1336 | D        | Reached ****** piety under Okawaru
  1345 | D        | Received a gift from Okawaru
  1359 | D        | Killed a cane toad
  1360 | D        | Reached skill level 16 in Maces & Flails
  1752 | D        | Noticed a death yak
  1752 | D        | Noticed a death yak
  1752 | D        | Noticed a death yak
  1752 | D        | Noticed a death yak
  1768 | D        | Killed a death yak
  1769 | D        | Reached XP level 11. HP: 57/79 MP: 17/17
  1774 | D        | Killed a death yak
  1775 | D        | Reached skill level 10 in Shields
  1776 | D        | Reached skill level 1 in Throwing
  1785 | D        | Killed a death yak
  1800 | D        | Killed a death yak
  2093 | D        | Reached skill level 17 in Maces & Flails
  2093 | D        | Reached skill level 10 in Invocations
  2223 | D        | Noticed an ettin
  2242 | D        | Mangled by an ettin

Illustrated notes

Levels and vault maps discovered:
D:        linesprint [early_d, line_temple, items_1, d_10, items_2, lair_1,
          lair_end, items_3, orc_1, orc_end, items_4, d_15, swamp_1, shoals_1,
          snake_1, spider_1, d_20, vaults_1, items_5, swamp_end, shoals_end,
          snake_end, spider_end, vaults_end, d_27, items_6, zot_1, zot_end,
          crypt_end, forest_end, elf_end, slime_end, tomb_end, abyss_end,
          pan_hell_end]

Skill      XL: |  1  2  3  4  5  6  7  8  9 10 11 |
---------------+----------------------------------+-----
Fighting       | 6 8 10 12 13 14 | 14.7
Maces & Flails | 4 7 8 11 12 14 16 17 | 17.1
Armour         | 5 6 7 8 9 10 11 | 11.6
Shields        | 5 6 7 8 9 10 | 10.2
Stealth        | 1 3 4 |  4.8
Dodging        | 1 2 3 4 |  4.3
Invocations    | 6 9 10 | 10.1
Throwing       | 1 |  1.5

Action                   |  1- 3 |  4- 6 |  7- 9 | 10-12 || total
-------------------------+-------+-------+-------+-------++-------
Melee: Flail             |    17 |    10 |       |       ||    27
       Morningstar       |       |    15 |    50 |   147 ||   212
Throw: Javelin           |       |       |       |     4 ||     4
       Dart              |       |       |       |     1 ||     1
Invok: Heroism           |       |       |       |     1 ||     1
  Use: Potion            |     1 |     1 |     1 |     6 ||     9
       Scroll            |       |       |       |     1 ||     1
 Stab: Invisible         |       |     2 |       |       ||     2
       Petrified         |       |       |     3 |       ||     3
Armor: Scale mail        |     4 |    13 |    42 |    35 ||    94
Dodge: Dodged            |     6 |     9 |    21 |    29 ||    65
Block: Buckler           |     5 |     4 |     9 |    24 ||    42

Table legend: (Time is in decaauts)
 A = Elapsed time spent in this place.
 B = Non-inter-level travel time spent in this place.
 C = Inter-level travel time spent in this place.
 D = Time resting spent in this place.
 E = Time spent auto-exploring this place.
 F = Levels seen in this place.
 G = Mean time per level.
                   A        B        C        D        E       F      G
               +--------+--------+--------+--------+--------+-----+--------+
         Total |   2202 |   2202 |      0 |   1355 |    262 |   1 | 2202.0 |
       Dungeon |   2202 |   2202 |      0 |   1355 |    262 |   1 | 2202.0 |
               +--------+--------+--------+--------+--------+-----+--------+

Top non-repeatable levels by time:
       D: 2202 daAuts
